 Dungeon Crawl Stone Soup version 0.31-a0-1084-gb392501acf (webtiles) character file.

Game seed: 1325785644802567889

1 Bnni the Grave Robber (level 1, 0/13 HPs)
             Began as a Demonspawn Necromancer on Nov 28, 2023.
             Slain by a quokka (2 damage)
             ... on level 1 of the Dungeon.
             The game lasted 00:00:09 (33 turns).

Bnni the Grave Robber (Demonspawn Necromancer)        Turns: 33, Time: 00:00:09

Health: 0/13       AC:  2    Str:  8    XL:     1   Next: 16%
Magic:  3/3        EV: 12    Int: 16    God:
Gold:   0          SH:  0    Dex: 13    Spells: 3/4 levels left

rFire   . . .        (no weapon)
rCold   . . .        (no shield)
rNeg    . . .        a - +0 robe
rPois   .            (no helmet)
rElec   .            (no cloak)
rCorr   .            (no gloves)
SInv    .            (no boots)
Will    .....        (no amulet)
Stlth   ++           (no ring)
HPRegen 0.22/turn    (no ring)
MPRegen 0.08/turn

%: no passive effects
@: no status effects
A: no striking features
a: no special abilities


You were on level 1 of the Dungeon.
You visited 1 branch of the dungeon, and saw 1 of its levels.

Inventory:

Armour
 a - a +0 robe (worn)
Potions
 b - a potion of magic


   Skills:
 + Level 0.1 Fighting
 - Level 1.7 Dodging
 - Level 1.7 Stealth
 + Level 2.0 Spellcasting
 * Level 4.4 Necromancy


You had 3 spell levels left.
You knew the following spells:

 Your Spells              Type           Power      Damage    Failure   Level
a - Necrotise             Necr           60%        1d7       3%          1

Your spell library contained the following spells:

 Spells                   Type           Power      Damage    Failure   Level
 Vampiric Draining        Necr           15%        2d7       10%         3
 Animate Dead             Necr           15%        N/A       32%         4
 Agony                    Necr           15%        N/A       67%         5


Dungeon Overview and Level Annotations

Branches:
Dungeon (1/15)

Altars:


Message History

They say the Orb of Zot lies within this dungeon, but they say a lot of things.
Press ? for a list of commands and other information.
Found two stairs.
Unknown command.
A ball python comes into view.
The helpless ball python fails to defend itself.
You hit the ball python.
The ball python is heavily wounded.
The ball python bites you. The ball python misses you.
You hit the ball python.
The ball python is severely wounded.
The ball python misses you. The ball python barely misses you.
The ball python closely misses you. The ball python grabs you.
The ball python constricts you.
You hit the ball python.
You kill the ball python!
No target in view!
HP restored.
You see here a ball python corpse.
A quokka comes into view.
A quokka is nearby!
A kobold comes into view. It is wielding a +0 club.
Found a grey potion.
A frilled lizard comes into view.
The kobold shouts!
A rat comes into view.
The kobold hits you with a +0 club.
The frilled lizard hisses angrily.
You hit the kobold.
The kobold is heavily wounded.
The quokka barely misses you. The kobold hits you with a +0 club.
The quokka misses you.
You closely miss the kobold.
The kobold is heavily wounded.
The quokka barely misses you. The kobold hits you with a +0 club.
The quokka attacks as it pursues you! The quokka bites you.
* * * LOW HITPOINT WARNING * * *
The kobold throws a stone.
The stone misses you. The quokka attacks as it pursues you!
The quokka bites you.
You die...

#.# #.# #.#
#### #.#####...
#....#..#
#....#.#######
#..†..........
#....#.#######
#....#@r.....#
##.##......!.#
#.##.#....r.#
#.##.#.K.......
#.##.#...l..###
#. #.#......#
#..........
#####.......
.......


You could see a quokka, a kobold, a frilled lizard and a rat.

Vanquished Creatures
  A ball python (D:1)
1 creature vanquished.

Notes
Turn   | Place    | Note
-------+----------+-------------------------------------------
     0 | D:1      | Bnni the Demonspawn Necromancer began the quest for the
                  | Orb.
     0 | D:1      | Reached XP level 1. HP: 13/13 MP: 3/3
    33 | D:1      | Slain by a quokka

Illustrated notes

Levels and vault maps discovered:
D:1:      dpeg_arrival_fog, layout_rooms, serial_curves, eino_curves_03,
          eino_curves_01, minmay_cupped

Action                     || total
---------------------------++-------
  Melee: Unarmed           ||     5
   Stab: Sleeping          ||     1
 Armour: Robe              ||     6
  Dodge: Dodged            ||     8

Table legend: (Time is in decaauts)
 A = Elapsed time spent in this place.
 B = Non-inter-level travel time spent in this place.
 C = Inter-level travel time spent in this place.
 D = Time resting spent in this place.
 E = Time spent auto-exploring this place.
 F = Levels seen in this place.
 G = Mean time per level.
                   A        B        C        D        E       F      G
               +--------+--------+--------+--------+--------+-----+--------+
         Total |     33 |     33 |      0 |      0 |     16 |   1 |   33.0 |
       Dungeon |     33 |     33 |      0 |      0 |     16 |   1 |   33.0 |
               +--------+--------+--------+--------+--------+-----+--------+

Top non-repeatable levels by time:
     D:1: 33 daAuts
